 Dungeon Crawl Stone Soup version 0.29-a0-925-g0a7a3d12f8 (webtiles) character file.

Game seed: 12844221051682399459

60 Newt the Trooper (level 3, 0/31 HPs)
             Began as a Draconian Cinder Acolyte on July 29, 2022.
             Was a High Priest of Ignis.
             Slain by a worm (7 damage)
             ... on level 2 of the Dungeon.
             The game lasted 00:03:09 (1711 turns).

Newt the Trooper (Draconian Cinder Acolyte)         Turns: 1711, Time: 00:03:09

Health: 0/31       AC:  7    Str: 16    XL:     3   Next: 82%
Magic:  4/4        EV: 11    Int: 14    God:    Ignis [*****.]
Gold:   68         SH:  0    Dex:  8    Spells: 4/4 levels left

rFire   + . .      SeeInvis .   c - staff of death
rCold   . . .      Faith    .   (no shield)
rNeg    + . .      Spirit   .   (body armour unavailable)
rPois   .          Reflect  .   (helmet restricted)
rElec   .          Harm     .   (no cloak)
rCorr   .          Rampage  .   h - +1 pair of gloves
Will    .....                   (no boots)
Stlth   +.........              (no amulet)
HPRegen 0.10/turn               (no ring)
MPRegen 0.09/turn               (no ring)

@: no status effects
A: AC +5, unfitting armour, cold-blooded
a: Renounce Religion, Fiery Armour, Foxfire Swarm, Rising Flame


You were on level 2 of the Dungeon.
You worshipped Ignis.
Ignis was extremely pleased with you.
You visited 1 branch of the dungeon, and saw 2 of its levels.

You collected 68 gold pieces.

Inventory:

Hand Weapons
 a - a -1 falchion of flaming
Armour
 h - a +1 pair of gloves (worn)
 i - the +1 robe of the Wild Haggis {Str+4 SInv}
   (You found it on level 2 of the Dungeon)

   Str:       It affects your strength (+4).
   SInv:      It lets you see invisible.
Magical Staves
 c - a staff of death (weapon)
Potions
 b - a potion of cancellation
 e - a potion of flight
 f - a potion of berserk rage
 g - a potion of curing
 j - a potion of haste
 l - a potion of invisibility {unknown}


   Skills:
 + Level 3.5 Fighting
 - Level 3.1 Long Blades
 * Level 1.7 Staves
 + Level 1.1 Dodging
 + Level 1.0 Spellcasting
 * Level 1.0 Necromancy
 + Level 3.1 Fire Magic
 * Level 0.8 Evocations


You had 4 spell levels left.
You didn't know any spells.
Your spell library contained the following spells:

 Spells                   Type           Power      Damage    Failure   Level
 Scorch                   Fire           18%        2d6       11%         2
 Necrotise                Necr           20%        1d5       17%         1
 Apportation              Tloc           0%         N/A       26%         1
 Summon Small Mammal      Summ           0%         N/A       26%         1
 Call Canine Familiar     Summ           0%         N/A       61%         3
 Summon Guardian Golem    Hex/Summ       0%         N/A       61%         3
 Orb of Destruction       Conj           0%         9d5       100%        7
 Spellforged Servitor     Conj/Summ      0%         N/A       100%        7


Dungeon Overview and Level Annotations

Branches:
Dungeon (2/15)

Altars:


Innate Abilities, Weirdness & Mutations

Your plain brown scales are hard. (AC +5)
You cannot fit into any form of body armour.
You are cold-blooded and may be slowed by cold attacks.


Message History

You barely miss the hobgoblin. The hobgoblin closely misses you.
You hit the hobgoblin.
The hobgoblin is severely wounded.
The hobgoblin misses you.
You closely miss the hobgoblin.
The hobgoblin is severely wounded.
The hobgoblin barely misses you.
You hit the hobgoblin.
You kill the hobgoblin!
You hit the hobgoblin.
The hobgoblin is lightly wounded.
The hobgoblin barely misses you.
You hit the hobgoblin.
You tail-slap the hobgoblin, but do no damage.
The hobgoblin is almost dead.
The hobgoblin barely misses you.
You hit the hobgoblin.
You kill the hobgoblin!
You hit the worm.
The worm is moderately wounded.
The worm bites you.
You hit the worm but do no damage.
You tail-slap the worm, but do no damage.
The worm is lightly wounded.
You hit the worm.
The worm is moderately wounded.
The worm bites you but does no damage.
You barely miss the worm.
The worm is moderately wounded.
The worm bites you.
You barely miss the worm.
The worm is moderately wounded.
You hit the worm.
The worm is moderately wounded.
The worm bites you.
* * * LOW HITPOINT WARNING * * *
You hit the worm. You tail-slap the worm.
The worm is severely wounded.
The worm bites you!
You die...

.### *,*****,,,*
#..####.#### .#
*,,,,,,,,,* #......#....
## *******,,,*
#.#####.#### #
****#######.## #.# #
#........# #.# #*
#.#####..## #.# .*
****###.# #...###.# .#
*,,,..#.# #.......#
.#*****#**,**#.#@#
#...##### ..,,,,,...,*
#.#w# #.###
,,*****....###.#.#####.#
,******................#
,***,,,......w.#.#######
,,,,,,,........#.#
****,,,......###.#
****...##.**#.#
*>.,*#,,,..#


You could see a worm.

Vanquished Creatures
  2 adders (D:2)
  A worm (D:2)
  A dart slug (D:1)
  A ball python (D:1)
  3 endoplasms
  2 giant cockroaches (D:1)
  4 goblins
  3 hobgoblins (D:2)
  2 jackals (D:1)
  A quokka (D:1)
  7 bats
  4 frilled lizards
  A kobold (D:1)
  4 rats
36 creatures vanquished.

Notes
Turn   | Place    | Note
-------+----------+-------------------------------------------
     0 | D:1      | Newt the Draconian Cinder Acolyte began the quest for the
                  | Orb.
     0 | D:1      | Reached XP level 1. HP: 19/19 MP: 2/2
   139 | D:1      | Reached XP level 2. HP: 25/26 MP: 3/3
  1051 | D:2      | Reached skill level 1 in Dodging
  1061 | D:2      | Reached XP level 3. HP: 25/31 MP: 4/4
  1097 | D:2      | Reached skill level 1 in Staves
  1303 | D:2      | Identified the +1 robe of the Wild Haggis {Str+4 SInv}
  1526 | D:2      | Reached skill level 1 in Necromancy
  1711 | D:2      | Slain by a worm

Illustrated notes

Levels and vault maps discovered:
D:1:      heliophobic_arrival_battle_scene, layout_basic, st_stairs_8
D:2:      layout_loops_ring, minmay_misc_feat_square, minmay_hexomino_p4

Skill      XL: |  1  2  3 |
---------------+----------+-----
Dodging        | 1 |  1.1
Staves         | 1 |  1.7
Necromancy     | 1 |  1.0
Fighting       | |  3.5
Long Blades    | |  3.1
Spellcasting   | |  1.0
Fire Magic     | |  3.1
Evocations     | |  0.8

Action                   || total
-------------------------++-------
Melee: Falchion          ||    13
       Staff             ||   182
       Tailslap          ||    20
       Punch             ||     3
  Use: Scroll            ||     8
       Potion            ||     1
Armor: Skin              ||    96
Dodge: Dodged            ||   126

Table legend: (Time is in decaauts)
 A = Elapsed time spent in this place.
 B = Non-inter-level travel time spent in this place.
 C = Inter-level travel time spent in this place.
 D = Time resting spent in this place.
 E = Time spent auto-exploring this place.
 F = Levels seen in this place.
 G = Mean time per level.
                   A        B        C        D        E       F      G
               +--------+--------+--------+--------+--------+-----+--------+
         Total |   1741 |   1734 |      7 |    211 |   1124 |   2 |  870.5 |
       Dungeon |   1741 |   1734 |      7 |    211 |   1124 |   2 |  870.5 |
               +--------+--------+--------+--------+--------+-----+--------+

Top non-repeatable levels by time:
     D:1: 1002 daAuts
     D:2: 739 daAuts
